 Dungeon Crawl Stone Soup version 0.31-a0-195-g7586a6f1e9 (webtiles) character file.

Game seed: 761686221953601581

96 qw the Shooter (level 4, 0/25 HPs)
             Began as a Deep Elf Hunter on June 24, 2023.
             Slain by an orc
             ... wielding a +0 club
              (1 damage)
             ... on level 4 of the Dungeon.
             The game lasted 00:00:40 (2243 turns).

qw the Shooter (Deep Elf Hunter)                    Turns: 2243, Time: 00:00:40

Health: 0/25       AC:  5    Str: 10    XL:     4   Next: 41%
Magic:  6/6        EV: 13    Int: 14    God:
Gold:   165        SH:  0    Dex: 24    Spells: 3/3 levels left

rFire   . . .        g - +2 shortbow (heavy)
rCold   . . .        (shield currently unavailable)
rNeg    . . .        c - +0 leather armour
rPois   .            m - +1 helmet {SInv}
rElec   .            (no cloak)
rCorr   .            (no gloves)
SInv    +            (no boots)
Will    .....        (no amulet)
Stlth   ++           l - +6 ring of dexterity
HPRegen 0.24/turn    (no ring)
MPRegen 0.10/turn

%: no passive effects
@: no status effects
A: no striking features
a: no special abilities


You were on level 4 of the Dungeon.
You visited 1 branch of the dungeon, and saw 4 of its levels.

You collected 165 gold pieces.


   Skills:
 - Level 1.5 Fighting
 - Level 7.8 Ranged Weapons
 + Level 2.4 Dodging
 - Level 1.2 Stealth


You had 3 spell levels left.
You didn't know any spells.
Your spell library was empty.

Inventory:

Hand Weapons
 g - a +2 heavy shortbow (weapon)
Armour
 c - a +0 leather armour (worn)
 m - a +1 helmet of see invisible (worn)
Jewellery
 l - a +6 ring of dexterity (left hand)
Scrolls
 e - a scroll of brand weapon
 j - a scroll of identify
 k - a scroll of poison {unknown}
Potions
 a - a potion of haste
 b - a potion of lignification {unknown}
 d - a potion of degeneration {unknown}
 f - a potion of resistance {unknown}
 h - a potion of attraction {unknown}
 i - a potion of curing

Dungeon Overview and Level Annotations

Branches:
Dungeon (4/15)
 Temple: D:4-7

Altars:
Elyvilon

Shops:
D:3 =


Message History

You climb downwards.
Found a stone staircase leading down.
There is a stone staircase leading up here.
Waypoint 3 assigned to D:4.
There is a stone staircase leading down here.
k - a scroll labelled NEICEJ WEPUBOG You open the door.
There is an open door here.
You open the door.
There is an open door here. 2 orcs and a sleepcap come into view.
You shoot an arrow. The arrow hits the sleepcap!
The sleepcap is heavily damaged.
You hear a shout!
An orc comes into view. It is wielding a +0 flail.
You hear a shout!
The orc shouts!
You shoot an arrow.
The arrow hits the sleepcap but does no damage.
The sleepcap is heavily damaged.
An orc comes into view. It is wielding a +0 war axe.
The sleepcap releases spores at you! The sleepcap releases spores at you.
You shoot an arrow.
The arrow completely misses the sleepcap.
The sleepcap misses you.
You shoot an arrow. The arrow hits the sleepcap.
The sleepcap is heavily damaged.
The orc misses you. The sleepcap releases spores at you!
You are engulfed in a cloud of soporific spores!
You fall asleep.
The sleepcap releases spores at you but does no damage.
The sleepcap releases spores at you but does no damage.
The orc hits you from afar with a +0 trident.
You wake up.
The orc hits you but does no damage.
You shoot an arrow. The arrow hits the sleepcap!
The sleepcap is severely damaged.
The sleepcap releases spores at you.
You are engulfed in a cloud of soporific spores!
You are unaffected.
The orc barely misses you. x2
The orc hits you with a +0 club.
You die...

##.....## #........
........ ##.###.##.
####+##. #......# #.
#..##### ### #. #..#
.... #. #..######.#
.#...#. #.........#
.....of#####.#########
#....o@.....#
.....oo####### #######


You could see a sleepcap and 4 orcs.

Vanquished Creatures
  A gnoll (D:1)
  3 adders
  2 worms
  A dart slug (D:1)
  3 ball pythons
  9 bats
  10 endoplasms
  3 goblins
  4 hobgoblins
  2 jackals (D:2)
  3 quokkas
  3 frilled lizards
  2 kobolds (D:1)
  4 rats
50 creatures vanquished.

Notes
Turn   | Place    | Note
-------+----------+-------------------------------------------
     0 | D:1      | qw the Deep Elf Hunter began the quest for the Orb.
     0 | D:1      | Reached XP level 1. HP: 12/12 MP: 3/3
     0 | D:1      | 0 ||| qw: Version: 0.3-a-9-g12657ce
     0 | D:1      | 0 ||| qw: Game counter: 4734
     0 | D:1      | 0 ||| qw: Always use a shield: true
     0 | D:1      | 0 ||| qw: God list: Okawaru
     0 | D:1      | 0 ||| qw: Allow faded altars: false
     0 | D:1      | 0 ||| qw: Do Orc after D:15 true
     0 | D:1      | 0 ||| qw: Do second Lair branch before Depths: true
     0 | D:1      | 0 ||| qw: Lair rune preference: random
     0 | D:1      | 0 ||| qw: Plans: Normal
     0 | D:1      | 0 ||| PLANNING D:1-11
   150 | D:1      | Reached XP level 2. HP: 16/16 MP: 4/4
   157 | D:1      | Reached skill level 6 in Ranged Weapons
   223 | D:1      | Reached XP level 3. HP: 20/20 MP: 5/5
   644 | D:1      | 644 ||| READING scroll labelled SASUHU QOUXI.
   645 | D:1      | 645 ||| READING scroll labelled KEXZETI NANERI.
   646 | D:1      | 646 ||| READING scroll labelled ZUILOA ASANK.
   647 | D:1      | 647 ||| DROPPING scroll of butterflies.
   736 | D:2      | Found a white marble altar of Elyvilon.
   761 | D:2      | Reached skill level 7 in Ranged Weapons
   854 | D:2      | Found a faded altar of an unknown god.
  1303 | D:2      | 1303 ||| READING 2 scrolls labelled CEEXUTW NEBO.
  1304 | D:2      | 1304 ||| READING scroll of enchant weapon.
  1304 | D:2      | 1304 ||| ENCHANTING +1 shortbow.
  1305 | D:2      | 1305 ||| READING scroll labelled WUFOWA GUPE.
  1374 | D:3      | Reached XP level 4. HP: 25/25 MP: 6/6
  1929 | D:3      | Found Ympihiuc's Jewellery Boutique.
  1933 | D:3      | 1933 ||| SHOPLISTING amulet of faith (560 gold, have 154).
  1933 | D:3      | 1933 ||| SHOPLISTING ring of fire (350 gold, have 154).
  1933 | D:3      | 1933 ||| SHOPLISTING ring of ice (350 gold, have 154).
  1933 | D:3      | 1933 ||| SHOPLISTING ring of protection from cold (350
                  | gold, have 154).
  1933 | D:3      | 1933 ||| SHOPLISTING ring of willpower (350 gold, have
                  | 154).
  2100 | D:3      | 2100 ||| UPGRADING to +6 ring of dexterity.
  2101 | D:3      | 2101 ||| READING 2 scrolls labelled MUIMU POETY.
  2102 | D:3      | 2102 ||| READING scroll labelled SEANYGYVEL.
  2102 | D:3      | Identified a scroll of acquirement
  2102 | D:3      | 2102 ||| ACQUIRING +1 helmet of see invisible
  2102 | D:3      | Acquired a +1 helmet of see invisible
  2104 | D:3      | 2104 ||| UPGRADING to +1 helmet of see invisible.
  2109 | D:3      | 2109 ||| READING scroll labelled KEISSE ZAOTONAETE.
  2110 | D:3      | 2110 ||| DRINKING 2 lumpy black potions.
  2111 | D:3      | 2111 ||| READING 2 scrolls of identify.
  2111 | D:3      | 2111 ||| IDENTIFYING ruby potion
  2242 | D:4      | HP: 3/25 [orc/+0 trident (6)]
  2243 | D:4      | HP: 1/25 [sleepcap (2)]
  2243 | D:4      | Slain by an orc

Levels and vault maps discovered:
D:1:      dpeg_arrival_three_smaller_balls, layout_basic,
          chequers_serial_rivers_small_b
D:2:      layout_loops_ring, basic_altar, chequers_ecumenical_altar_lobes
D:3:      layout_basic, serial_shops, nicolae_shop_back_alley_shop
D:4:      layout_loops_corners, pdpol_wu_jian_five_deadly_venoms, uniq_duvessa

Skill      XL: |  1  2  3 |
---------------+----------+-----
Ranged Weapons | 6 7 |  7.8
Fighting       | |  1.5
Dodging        | |  2.4
Stealth        | |  1.2

Action                     |  1- 3 |  4- 6 || total
---------------------------+-------+-------++-------
   Fire: Shortbow          |   100 |    27 ||   127
    Use: Scroll            |     6 |     4 ||    10
         Potion            |       |     1 ||     1
 Armour: Leather armour    |     8 |     5 ||    13
  Dodge: Dodged            |    12 |     8 ||    20

Table legend:
 A = Non-vault XP
 B = Vault XP
 C = Vault XP percentage of total XP
 D = Non-vault monster count
 E = Vault monster count
 F = Vault count percentage of total count
                 A         B        C        D         E       F
            +---------+---------+-------+---------+---------+-------
      Total |     138 |       0 |   0.0 |      50 |       0 |   0.0
            +---------+---------+-------+---------+---------+-------
        D:1 |      53 |       0 |   0.0 |      24 |       0 |   0.0
        D:2 |      43 |       0 |   0.0 |      16 |       0 |   0.0
        D:3 |      42 |       0 |   0.0 |      10 |       0 |   0.0
            +---------+---------+-------+---------+---------+-------
